Cogmind - Beta 12 @@@ ROGUE MODE // 2023.03.23 @ 18:33:04 Player: kawyua Result: Core destroyed Performance ------------- Evolutions (5) 2500 Regions Visited (20) 4000 Robots Destroyed (97) 485 Value Destroyed (4711) 4711 Prototype IDs (43) 860 Alien Tech Used (0) 0 Bonus (5309) 5309 TOTAL SCORE: 17865 Bonus ------- High Alert Combat Kills 647 Follower Combat Kills 2417 Entered Garrisons 400 Used RIF Installer 1000 Entered DSFs 500 Aligned with FarCom 300 Met Data Miner 300 Friendly Fire -255 Cogmind --------- Core Integrity 0/1000 Matter 57/300 Energy 170/170 System Corruption 0% Temperature Critical (3568) Movement Core (1750) Ox34 Location -5/DSF Parts ------- > --- POWER (1) -------- Makeshift Power Source > --- PROPULSION (4) --- Armored Heavy Treads (fused) > --- UTILITY (10) ----- Huge Storage Unit Advanced Signal Interpreter Weapon Mount Advanced Transmission Jammer Improved Hardlight Generator Experimental Hacking Suite Experimental Hacking Suite Experimental Hacking Suite Authchip [Storage] Relay Coupler [NC] (20) > --- WEAPON (2) ------- Rocket Array > --- INVENTORY (25) --- Armored Medium Treads Field Propulsion Array Field Propulsion Array Advanced Weight Redist. System Advanced Terrain Scan Processor Improved Cloaking Device Improved Cloaking Device Improved Cloaking Device Hardlight Generator Experimental Hacking Suite Improved System Shield Improved System Shield Improved System Shield Authchip [R/NC] Authchip [R/Combat] Authchip [Power] Authchip [Propulsion] Authchip [Processor] Advanced Plasma Cannon Gauss Rifle Heavy Machine Gun Heavy Mass Driver Peak State ------------ > --- POWER ------------ Improved Deuterium Engine > --- PROPULSION ------- Heavy Treads Armored Heavy Treads > --- UTILITY ---------- Huge Storage Unit Force Field Army-in-a-Box > --- WEAPON ----------- Gauss Rifle Magnetic Acceleration Cannon > --- INVENTORY -------- Armored Medium Treads Armored Medium Treads Armored Huge Wheel Cooled Cesium-ion Thruster Nuclear Pulse Array Advanced Weight Redist. System Weapon Mount Advanced Transmission Jammer Hardlight Generator Hacking Suite Hacking Suite Improved System Shield Relay Coupler [NC] Advanced Plasma Cannon Heavy Machine Gun Mass Driver Heavy Mass Driver Mini Grenade Launcher Rocket Array [Rating: 111] Favorites ----------- Power Nuclear Core Engine Improved Deuterium Engine Power Core Nuclear Core Propulsion Light Treads Treads Light Treads Leg Aluminum Leg Wheel Wheel Flight Unit Improved Flight Unit Utility Huge Storage Unit Device Army-in-a-Box Storage Huge Storage Unit Processor Signal Interpreter Hackware Relay Coupler [NC] Protection Improved Medium Armor Plating Weapon Autogun Energy Gun Small Laser Ballistic Gun Autogun Ballistic Cannon Magnetic Acceleration Cannon Launcher Grenade Launcher Special Weapon Plasma Cutter Impact Weapon Heavy Flail Slashing Weapon Axe Special Melee Weapon Improved Datajack Build | -11 -10 -10 -9 -9 -9 -8 -8 -7 -7 -7 -7 -7 -7 -6 -6 -6 -6 -5 -5 -5 ------- Run | Jun Mat Min Mat Min Exi Min Mat Fac Was Fac Gar Fac Gar Fac Low Low Dat Pro Fac DSF Slots Evolved 10 | . . . 2 . . . 2 2 . . . . . 2 . . . . 2 . Power . | . . . . . . . . . . . . . . . . . . . . . Propulsion 2 | . . . 1 . . . . . . . . . . 1 . . . . . . Utility 8 | . . . 1 . . . 2 2 . . . . . 1 . . . . 2 . Weapon . | . . . . . . . . . . . . . . . . . . . . . Parts Attached 177 | 6 8 4 39 7 6 3 37 5 6 . 15 6 5 7 3 8 . 3 . 9 Power 17 | 1 . . 5 . . . 4 1 1 . . . 2 1 . . . 1 . 1 Engine 6 | 1 . . 2 . . . . . . . . . . 1 . . . 1 . 1 Core 11 | . . . 3 . . . 4 1 1 . . . 2 . . . . . . . Reactor . | . . . . . . . . . . . . . . . . . . . . . Propulsion 40 | 2 4 . 11 3 3 1 11 . 1 . 1 . 1 1 . . . . . 1 Treads 19 | . 2 . 3 2 . . 8 . 1 . 1 . 1 1 . . . . . . Leg 3 | 2 . . . . . 1 . . . . . . . . . . . . . . Wheel 16 | . 2 . 8 1 2 . 2 . . . . . . . . . . . . 1 Hover . | . . . . . . . . . . . . . . . . . . . . . Flight 2 | . . . . . 1 . 1 . . . . . . . . . . . . . Utility 63 | 1 3 3 7 1 3 1 11 3 1 . 9 3 1 3 1 7 . 1 . 4 Device 31 | . 1 2 2 1 2 1 3 1 1 . 6 2 1 1 1 5 . 1 . . Storage 9 | 1 1 . 1 . 1 . 4 . . . . . . 1 . . . . . . Processor 10 | . 1 1 3 . . . 2 . . . 1 . . . . 2 . . . . Hackware 7 | . . . . . . . . . . . 2 . . 1 . . . . . 4 Protection 6 | . . . 1 . . . 2 2 . . . 1 . . . . . . . . Artifact . | . . . . . . . . . . . . . . . . . . . . . Weapon 57 | 2 1 1 16 3 . 1 11 1 3 . 5 3 1 2 2 1 . 1 . 3 Energy Gun 6 | 1 . . 4 . . . 1 . . . . . . . . . . . . . Energy Cannon . | . . . . . . . . . . . . . . . . . . . . . Ballistic Gun 29 | 1 1 . 8 2 . . 9 . 3 . 2 . 1 . 1 1 . . . . Ballistic Cannon 9 | . . . 1 . . 1 . . . . 2 2 . 1 . . . 1 . 1 Launcher 5 | . . 1 . 1 . . . . . . . 1 . . . . . . . 2 Special Weapon 3 | . . . 2 . . . . . . . . . . 1 . . . . . . Impact Weapon 1 | . . . . . . . 1 . . . . . . . . . . . . . Slashing Weapon 1 | . . . 1 . . . . . . . . . . . . . . . . . Piercing Weapon . | . . . . . . . . . . . . . . . . . . . . . Special Melee Weapon 3 | . . . . . . . . 1 . . 1 . . . 1 . . . . . Unidentified Prototypes 7 | . . . 2 . 1 . 1 . . . 1 1 . . . . . . . 1 Parts Lost 34 | . 1 . 4 5 . 1 13 . . . 1 . 2 . 1 . . . . 6 Power 3 | . . . . . . . 1 . . . . . 2 . . . . . . . Propulsion 14 | . . . 3 3 . 1 6 . . . . . . . . . . . . 1 Utility 4 | . . . . . . . 2 . . . . . . . . . . . . 2 Weapon 13 | . 1 . 1 2 . . 4 . . . 1 . . . 1 . . . . 3 Highest Loss Streak 6 | . 1 . 2 5 . 1 6 . . . 1 . 1 . 1 . . . . 5 To Critical Strikes . | . . . . . . . . . . . . . . . . . . . . . Average Slot Usage (%) 85 | . 99 100 98 99 97 99 93 96 94 92 90 91 64 52 51 76 86 85 76 70 Engine 4 | . 14 14 2 . . . . . . . . . . 5 6 6 6 6 5 4 Core 4 | . . . 8 11 11 11 8 7 7 7 7 7 6 . . . . . . . Treads 13 | . 19 28 2 6 11 11 12 23 17 15 15 15 15 13 13 13 13 13 11 6 Wheel 8 | . 7 . 29 25 22 11 8 . . . . . . . . . . . . 3 Device 12 | . 4 8 3 8 8 11 14 21 23 30 27 24 13 10 6 24 26 25 23 17 Storage 9 | . 14 14 11 11 11 11 12 7 7 7 7 7 7 6 6 6 6 6 5 5 Processor 8 | . 8 5 17 13 11 11 12 7 7 7 8 7 2 . . 4 13 13 11 5 Hackware 1 | . . . . . . . . . . . . 5 . 1 6 6 6 6 5 14 Protection 1 | . . . . . . . 1 12 14 7 7 7 2 . . . . . . . Energy Gun 1 | . 14 1 1 . . . 3 . . . . . . . . . . . . . Ballistic Gun 10 | . 13 14 12 18 22 11 10 8 12 15 6 7 7 4 . 12 13 7 5 . Ballistic Cannon 3 | . . . . . . 11 1 . . . 7 6 7 5 6 . . 4 5 1 Launcher 1 | . . 12 . 3 . . . . . . . . . . . . . . . 4 Special Weapon 1 | . . . 6 . . . . . . . . . . 1 2 . . . . . Naked Turns . | . . . . . . . . . . . . . . . . . . . . . Heaviest Build 189 | 13 49 50 94 94 96 100 104 71 75 68 77 78 137 189 183 183 113 129 129 129 Greatest Support 130 | 20 40 40 40 38 26 10 66 66 101 101 106 106 106 130 130 130 130 130 130 130 Greatest Overweight (x) 34 | . 2 1 2 5 3 9 34 1 1 . . . 1 1 1 1 . . . 34 Average Overweight (x) 1 | . 1 1 1 2 3 9 9 . . . . . . 1 1 . . . . 3 Largest Inventory Capacity 25 | 8 20 20 25 25 25 25 25 20 20 20 20 20 20 25 25 25 25 25 25 25 Average Capacity 22 | 6 19 20 23 25 25 25 24 20 20 20 20 20 20 23 25 25 25 25 25 25 Most Carried 25 | 6 18 18 25 25 25 25 25 20 20 20 20 20 20 25 25 25 20 21 20 25 Average Carried 20 | 4 12 16 22 23 24 24 24 20 19 20 19 19 19 21 24 21 20 19 20 22 Final Capacity 25 | 8 20 20 25 25 25 25 20 20 20 20 20 20 20 25 25 25 25 25 25 25 Final Carried 25 | 6 18 16 25 24 24 24 20 20 20 20 20 20 20 25 24 20 20 20 20 25 Class Distribution -------------------- 78% | Mutant 9% | Scavenger-Mutant 4% | Infiltrator-Skirmisher 3% | Scavenger-Skirmisher Dominant Class ---------------- Mutant | -10/Materials Mutant | -10/Mines Mutant | -9/Materials Mutant | -9/Mines Mutant | -9/Exiles Scavenger-Mutant | -8/Mines Scavenger-Mutant | -8/Materials Infiltrator-Assassin | -7/Factory Infiltrator-Skirmisher | -7/Waste Infiltrator-Skirmisher | -7/Factory Mutant | -7/Garrison Mutant | -7/Factory Mutant | -7/Garrison Mutant | -6/Factory Mutant | -6/Lower Caves Mutant | -6/Lower Caves Mutant | -6/Data Miner Mutant | -5/Proximity Caves Mutant | -5/Factory Mutant | -5/DSF Resources | -11 -10 -10 -9 -9 -9 -8 -8 -7 -7 -7 -7 -7 -7 -6 -6 -6 -6 -5 -5 -5 ----------- Run | Jun Mat Min Mat Min Exi Min Mat Fac Was Fac Gar Fac Gar Fac Low Low Dat Pro Fac DSF Matter Collected 5268 | 249 161 245 714 192 120 267 888 . 116 . 592 . 635 427 262 230 . 85 . 85 Remotely . | . . . . . . . . . . . . . . . . . . . . . Salvage Created 3315 | . 302 . 576 34 . 68 921 . . . 80 . 371 325 26 162 . 65 . 385 Parts 204 | . 16 . 46 6 . 4 68 . . . 2 . 19 25 2 5 . 5 . 6 Haulers Intercepted . | . . . . . . . . . . . . . . . . . . . . . Recyclers Shooed 1 | . . . . . . . . . . . . . . 1 . . . . . . Parts Field Recycled . | . . . . . . . . . . . . . . . . . . . . . Retrieved Matter . | . . . . . . . . . . . . . . . . . . . . . Parts Self-Destructed 42 | . . . . . . . . . . . . . . . 17 15 . 10 . . Prevented 1 | . . . . . . . . . . . . . . . . 1 . . . . Kills | -11 -10 -10 -9 -9 -9 -8 -8 -7 -7 -7 -7 -7 -7 -6 -6 -6 -6 -5 -5 -5 ------- Run | Jun Mat Min Mat Min Exi Min Mat Fac Was Fac Gar Fac Gar Fac Low Low Dat Pro Fac DSF Combat Hostiles Destroyed 83 | . 10 . 10 4 . 1 23 . . . 2 . 12 7 1 2 . 1 . 10 Guns 55 | . 10 . 8 4 . 1 23 . . . . . 2 4 1 1 . 1 . . Cannons 18 | . . . 2 . . . . . . . 2 . 10 3 . 1 . . . . AOE 10 | . . . . . . . . . . . . . . . . . . . . 10 Classes Destroyed 17 | . 3 . 3 1 . . 5 . . . . . 2 1 . 1 . 1 . . Worker 6 | . . . 2 . . 1 2 . . . . . . 1 . . . . . . Builder 1 | . . . . . . . . . . . . . . 1 . . . . . . Tunneler 1 | . . . . . . . 1 . . . . . . . . . . . . . Recycler 1 | . . . . . . . 1 . . . . . . . . . . . . . Operator 2 | . . . 2 . . . . . . . . . . . . . . . . . Drone 1 | . . . . . . . . . . . . . . . . 1 . . . . Watcher 3 | . 1 . 2 . . . . . . . . . . . . . . . . . Swarmer 27 | . 6 . . 3 . . 11 . . . . . 1 1 1 . . . . 4 Grunt 26 | . 4 . 4 . . 1 3 . . . 2 . 6 1 . 2 . . . 3 Duelist 3 | . . . . . . . 1 . . . . . . 2 . . . . . . Sentry 11 | . . . 6 . . . 4 . . . . . 1 . . . . . . . Demolisher 1 | . . . . 1 . . . . . . . . . . . . . . . . Specialist 4 | . . . . . . . 2 . . . . . . . . . . . . 2 Hunter 4 | . . . . . . . 2 . . . . . 2 . . . . . . . Programmer 4 | . . . . . . . . . . . . . 1 3 . . . . . . Heavy 2 | . . . . . . . . . . . . . 1 . . . . . . 1 Behemoth 1 | . . . . . . . . . . . . . . . . . . 1 . . Best Kill Streak 6 | . 3 . 3 3 . 1 5 . . . 1 . 3 2 1 2 . 1 . 6 Combat Bots Only 6 | . 3 . 3 3 . 1 5 . . . 1 . 3 1 1 2 . 1 . 6 Max Kills in Single Turn 4 | . 2 . 1 1 . 1 2 . . . 1 . 1 2 1 1 . 1 . 4 Gunslinging . | . . . . . . . . . . . . . . . . . . . . . Exploded 4 | . . . . . . . . . . . . . . . . . . . . 4 Melee . | . . . . . . . . . . . . . . . . . . . . . Uniques/NPCs Destroyed 1 | . . 1 . . . . . . . . . . . . . . . . . . YI-UF0 (-10/Mines) Combat | -11 -10 -10 -9 -9 -9 -8 -8 -7 -7 -7 -7 -7 -7 -6 -6 -6 -6 -5 -5 -5 -------- Run | Jun Mat Min Mat Min Exi Min Mat Fac Was Fac Gar Fac Gar Fac Low Low Dat Pro Fac DSF Damage Taken 9196 | . 436 78 786 677 . 265 1931 . . . 367 . 1115 409 414 350 . 180 . 2188 Core 2292 | . 98 39 108 159 . 98 359 . . . 29 . 82 30 68 55 . 21 . 1146 Absorbed by Shields 599 | . . . . . . . 246 . . . . . . 347 . . . . . 6 Regen/Repaired (Parts) 294 | . . . . . . . . . 5 . 34 . 85 170 . . . . . . Core Remaining (%) 58 | 100 . 45 . . . 8 34 . . . . . 84 . . . . 79 . . Volleys Fired 403 | . 36 . 70 12 . 20 82 . 1 . 49 3 50 51 6 10 . 3 . 10 Largest 2 | . 2 . 2 2 . 2 2 . 2 . 2 2 2 2 2 2 . 2 . 2 Hottest 110 | . 60 . 100 53 . 80 84 . 66 . 110 90 86 81 83 83 . 87 . 98 Shots Fired 732 | . 66 . 114 23 1 29 157 . 2 . 86 6 100 91 12 20 . 6 . 19 Gun 484 | . 66 . 77 20 1 11 154 . 2 . 39 3 50 40 2 12 . 3 . 4 Cannon 201 | . . . 10 . . 18 3 . . . 47 3 50 41 9 8 . 3 . 9 Launcher 9 | . . . . 3 . . . . . . . . . . . . . . . 6 Special 38 | . . . 27 . . . . . . . . . . 10 1 . . . . . Kinetic 604 | . 30 . 69 20 1 29 130 . 2 . 86 6 100 81 11 20 . 6 . 13 Thermal 108 | . 36 . 45 . . . 27 . . . . . . . . . . . . . Explosive 9 | . . . . 3 . . . . . . . . . . . . . . . 6 Electromagnetic . | . . . . . . . . . . . . . . . . . . . . . Robot Hit Streak 24 | . 13 . 19 6 . 5 24 . 1 . 5 . 13 19 4 3 . 4 . 17 Robot Miss Streak 5 | . 2 . 3 1 . 1 3 . 1 . 1 . 4 5 2 4 . 1 . 2 Penetration Max 1 | . . . . . . . . . . . . . . 1 . . . . . . Secondary Targets 5 | . . . 2 2 . . 1 . . . . . . . . . . . . . Max Gunslinging Chain 1 | . . . 1 1 . . 1 . . . . . . . . . . . . . Shots Hit Robots 424 | . 48 . 81 16 . 13 109 . 1 . 13 . 63 45 5 11 . 4 . 15 Core Hits 209 | . 20 . 33 7 . 3 44 . . . 4 . 23 15 1 6 . 1 . 52 Critical Kills 2 | . . . 1 . . 1 . . . . . . . . . . . . . . Critical Parts Destroyed 5 | . . . . . . 4 1 . . . . . . . . . . . . . Critical Strikes 18 | . . . 2 . . 5 6 . . . . . 2 2 . 1 . . . . Burn 5 | . . . . . . . 5 . . . . . . . . . . . . . Destroy 7 | . . . 1 . . 5 1 . . . . . . . . . . . . . Blast 5 | . . . . . . . . . . . . . 2 2 . 1 . . . . Sever 1 | . . . 1 . . . . . . . . . . . . . . . . . Melee Attacks 5 | . . . . . . . 1 . . . 4 . . . . . . . . . Impact 1 | . . . . . . . 1 . . . . . . . . . . . . . Slashing . | . . . . . . . . . . . . . . . . . . . . . Piercing . | . . . . . . . . . . . . . . . . . . . . . Sneak Attacks . | . . . . . . . . . . . . . . . . . . . . . Combat Hostiles . | . . . . . . . . . . . . . . . . . . . . . Follow-up Attacks . | . . . . . . . . . . . . . . . . . . . . . Damage Inflicted 9560 | . 585 . 1083 278 . 236 1725 . 24 . 293 . 1553 1122 103 340 . 124 . 2094 Guns 4825 | . 585 . 734 203 . 116 1633 . 24 . 126 . 620 512 23 127 . 49 . 73 Cannons 2595 | . . . 169 . . 120 19 . . . 167 . 933 596 80 213 . 75 . 223 Explosions 1946 | . . . . 75 . . 73 . . . . . . . . . . . . 1798 Melee . | . . . . . . . . . . . . . . . . . . . . . Ramming 18 | . . . 4 . . . . . . . . . . 14 . . . . . . Kinetic 6521 | . 288 . 673 203 . 236 1280 . 24 . 293 . 1553 1108 103 340 . 124 . 296 Thermal 1075 | . 297 . 406 . . . 372 . . . . . . . . . . . . . Explosive 1946 | . . . . 75 . . 73 . . . . . . . . . . . . 1798 Electromagnetic . | . . . . . . . . . . . . . . . . . . . . . Impact . | . . . . . . . . . . . . . . . . . . . . . Slashing . | . . . . . . . . . . . . . . . . . . . . . Piercing . | . . . . . . . . . . . . . . . . . . . . . Highest Corruption 7 | . . . 5 5 7 7 . . . . 2 2 5 3 3 3 . 2 . . Average Corruption 4 | . . . 5 5 6 7 . . . . 1 1 5 2 3 2 . 1 . . Corruption Purged 6 | . . . . . . . . . . . . 2 . . . 3 . 1 . . Corruption Blocked . | . . . . . . . . . . . . . . . . . . . . . Effects 284 | . . . 93 21 28 30 . . . . 16 4 7 23 41 7 . 14 . . Message Errors 62 | . . . 18 2 8 12 . . . . 5 2 1 5 5 1 . 3 . . Matter Fused 64 | . . . 22 4 5 5 . . . . 5 2 2 6 9 1 . 3 . . Heat Flow Errors 38 | . . . 15 4 3 5 . . . . 1 . 1 3 5 1 . . . . Energy Discharges 34 | . . . 14 4 3 1 . . . . 2 . . 2 5 . . 3 . . Parts Rejected 4 | . . . 1 . . . . . . . . . . . 1 1 . 1 . . Parts Fused 2 | . . . . . . . . . . . . . . . 1 1 . . . . Data Loss (minor) 46 | . . . 10 5 8 5 . . . . 1 . 2 4 7 1 . 3 . . Data Loss (major) 16 | . . . 7 . . 1 . . . . 1 . 1 1 4 . . 1 . . Misfires 11 | . . . 3 . 1 . . . . . . . . 2 4 1 . . . . Alerts 4 | . . . 1 1 . 1 . . . . 1 . . . . . . . . . Weapon Failures 3 | . . . 2 1 . . . . . . . . . . . . . . . . Overload Shots . | . . . . . . . . . . . . . . . . . . . . . Overflow Damage 102 | . . . . . . . . . . . 1 . 29 38 . . . 14 . 20 Projectiles 82 | . . . . . . . . . . . 1 . 29 38 . . . 14 . . Explosions 20 | . . . . . . . . . . . . . . . . . . . . 20 Melee . | . . . . . . . . . . . . . . . . . . . . . Knockbacks 28 | . . . 2 . . 2 . . . . 2 . 7 8 1 4 . 2 . . Impact . | . . . . . . . . . . . . . . . . . . . . . Kinetic 25 | . . . 1 . . 2 . . . . 1 . 7 7 1 4 . 2 . . Secondary 3 | . . . 1 . . . . . . . 1 . . 1 . . . . . . Self-Inflicted Damage 81 | . . . 2 . . . . . . . . . . . . . . . . 79 Shots 3 | . . . . . . . . . . . . . . . . . . . . 3 Rammed 2 | . . . 1 . . . . . . . . . . 1 . . . . . . Targets Rammed 2 | . . . 1 . . . . . . . . . . 1 . . . . . . Kicked . | . . . . . . . . . . . . . . . . . . . . . Crushed . | . . . . . . . . . . . . . . . . . . . . . Highest Temperature 3568 | . 48 . 279 196 198 251 442 . . . 276 24 213 265 265 268 . 26 . 3568 Average Temperature 182 | . 22 . 96 61 85 74 119 . . . 24 12 23 106 99 85 . 19 . 1278 Received Heat Transfer 1792 | . 162 . 366 . . 99 431 . . . 54 . 244 4 81 150 . 12 . 189 Effects 63 | . . . 2 . . . 4 . . . . . . . . 1 . . . 56 Shutdowns 7 | . . . . . . . 1 . . . . . . . . . . . . 6 Energy Bleed 11 | . . . 2 . . . 1 . . . . . . . . 1 . . . 7 Matter Decay 5 | . . . . . . . . . . . . . . . . . . . . 5 Short Circuit 4 | . . . . . . . . . . . . . . . . . . . . 4 Damage (minor) 8 | . . . . . . . . . . . . . . . . . . . . 8 Damage (major) 22 | . . . . . . . 2 . . . . . . . . . . . . 20 Damage (core) 6 | . . . . . . . . . . . . . . . . . . . . 6 Siege Activations . | . . . . . . . . . . . . . . . . . . . . . Robots Corrupted . | . . . . . . . . . . . . . . . . . . . . . Combat Hostiles . | . . . . . . . . . . . . . . . . . . . . . Parts Fried . | . . . . . . . . . . . . . . . . . . . . . Impact Corruptions . | . . . . . . . . . . . . . . . . . . . . . Robots Melted . | . . . . . . . . . . . . . . . . . . . . . Combat Hostiles . | . . . . . . . . . . . . . . . . . . . . . Parts Melted 3 | . 1 . 1 . . . 1 . . . . . . . . . . . . . Heat Transferred 3020 | . 675 . 1161 . . . 1184 . . . . . . . . . . . . . Parts Sabotaged . | . . . . . . . . . . . . . . . . . . . . . Parts Stolen . | . . . . . . . . . . . . . . . . . . . . . Parts Stripped . | . . . . . . . . . . . . . . . . . . . . . Power Chain Reactions . | . . . . . . . . . . . . . . . . . . . . . Missiles Intercepted . | . . . . . . . . . . . . . . . . . . . . . Alert | -11 -10 -10 -9 -9 -9 -8 -8 -7 -7 -7 -7 -7 -7 -6 -6 -6 -6 -5 -5 -5 ------- Run | Jun Mat Min Mat Min Exi Min Mat Fac Was Fac Gar Fac Gar Fac Low Low Dat Pro Fac DSF Peak Influence 2401 | . 136 5 176 70 . 44 408 9 41 . 2401 1263 1596 1225 . . . . 5 270 Initial 1260 | . . 5 . 4 . . . 9 3 . . 1260 884 827 . . . . . 3 Average 419 | . 51 . 37 22 . 12 105 9 30 . 1541 1261 1249 994 . . . . 4 189 Maximum Alert Level 5 | . . . . . . . 2 . . . 5 4 4 4 . . . . . 1 Low Security (%) 65 | 100 100 100 100 100 . 100 74 100 100 100 3 . . . . . . . 100 40 Level 1 4 | . . . . . . . 25 . . . 1 . . . . . . . . 59 Level 2 1 | . . . . . . . . . . . 4 . . 6 . . . . . . Level 3 8 | . . . . . . . . . . . 14 . 27 41 . . . . . . Level 4 15 | . . . . . . . . . . . 22 100 72 51 . . . . . . Level 5 5 | . . . . . . . . . . . 53 . . . . . . . . . High Security . | . . . . . . . . . . . . . . . . . . . . . Max Security . | . . . . . . . . . . . . . . . . . . . . . Sterilizations 1 | . . . . . . . . . . . . . . . . . . . . 1 Squads Dispatched 23 | . 2 . 3 . . . 4 . . . . . . 12 . . . . . 2 Investigation 2 | . 1 . 1 . . . . . . . . . . . . . . . . . Extermination 5 | . . . . . . . . . . . . . . 5 . . . . . . Reinforcement 10 | . 1 . 2 . . . 1 . . . . . . 4 . . . . . 2 Assault . | . . . . . . . . . . . . . . . . . . . . . Garrison 6 | . . . . . . . 3 . . . . . . 3 . . . . . . Intercept . | . . . . . . . . . . . . . . . . . . . . . Searches Triggered . | . . . . . . . . . . . . . . . . . . . . . Construction Impeded 2 | . . . . . . . . . . . . . . 2 . . . . . . Haulers Reinforced 1 | . . . . . . . . . . . . . . 1 . . . . . . Active Scanning Responses . | . . . . . . . . . . . . . . . . . . . . . Cargo Convoy Interrupts . | . . . . . . . . . . . . . . . . . . . . . Stealth | -11 -10 -10 -9 -9 -9 -8 -8 -7 -7 -7 -7 -7 -7 -6 -6 -6 -6 -5 -5 -5 --------- Run | Jun Mat Min Mat Min Exi Min Mat Fac Was Fac Gar Fac Gar Fac Low Low Dat Pro Fac DSF Distress Signals 12 | . . . 7 . . . 2 . . . . . . 3 . . . . . . Communications Jammed 1 | . . . . . . . . . . . . . . . . . . . . 1 Distress Signals . | . . . . . . . . . . . . . . . . . . . . . Times Spotted 214 | . 22 1 40 6 . 3 36 . 2 . 20 . 19 41 9 3 . 2 . 10 Peak Tracking Total 7 | . 4 . 6 3 . 3 7 . 1 . 3 . 7 6 5 3 . 1 . 4 Tactical Retreats 11 | . 2 . . . . 1 2 . . . . . 2 3 1 . . . . . Traps | -11 -10 -10 -9 -9 -9 -8 -8 -7 -7 -7 -7 -7 -7 -6 -6 -6 -6 -5 -5 -5 ------- Run | Jun Mat Min Mat Min Exi Min Mat Fac Was Fac Gar Fac Gar Fac Low Low Dat Pro Fac DSF Traps Triggered 9 | . 1 . 1 . . . . 1 . . 2 1 1 1 . . . . . 1 Indirectly . | . . . . . . . . . . . . . . . . . . . . . Trap Hack Attempts . | . . . . . . . . . . . . . . . . . . . . . Triggered . | . . . . . . . . . . . . . . . . . . . . . Disarmed . | . . . . . . . . . . . . . . . . . . . . . Reprogrammed . | . . . . . . . . . . . . . . . . . . . . . Reused . | . . . . . . . . . . . . . . . . . . . . . Traps Extracted . | . . . . . . . . . . . . . . . . . . . . . Installed . | . . . . . . . . . . . . . . . . . . . . . Triggered 5 | . . . . . . . . . . . . . . 1 . 4 . . . . Machines | -11 -10 -10 -9 -9 -9 -8 -8 -7 -7 -7 -7 -7 -7 -6 -6 -6 -6 -5 -5 -5 ---------- Run | Jun Mat Min Mat Min Exi Min Mat Fac Was Fac Gar Fac Gar Fac Low Low Dat Pro Fac DSF Machines Disabled 30 | . 1 . 1 . . . 6 . . . 13 . 5 4 . . . . . . Max in Single Turn 3 | . 1 . . . . . 3 . . . 1 . 2 1 . . . . . . Garrison Relay 7 | . . . . . . . . . . . 5 . 2 . . . . . . . Machines Repaired . | . . . . . . . . . . . . . . . . . . . . . Machines Sabotaged . | . . . . . . . . . . . . . . . . . . . . . Overloaded Fab Kills . | . . . . . . . . . . . . . . . . . . . . . Hacking | -11 -10 -10 -9 -9 -9 -8 -8 -7 -7 -7 -7 -7 -7 -6 -6 -6 -6 -5 -5 -5 --------- Run | Jun Mat Min Mat Min Exi Min Mat Fac Was Fac Gar Fac Gar Fac Low Low Dat Pro Fac DSF Machines Accessed 49 | . 8 . 10 . 4 . 2 . . 2 4 2 1 8 2 1 4 . 1 . Terminals 32 | . 7 . 10 . . . 2 . . 1 4 1 1 5 . . . . 1 . Fabricators 1 | . . . . . . . . . . . . . . 1 . . . . . . Repair Stations 1 | . . . . . . . . . . . . . . 1 . . . . . . Recycling Units 2 | . 1 . . . . . . . . . . . . 1 . . . . . . Scanalyzers . | . . . . . . . . . . . . . . . . . . . . . Garrison Access 2 | . . . . . . . . . . 1 . 1 . . . . . . . . Total Hacks 166 | . 23 . 35 . 27 . 6 . . 3 6 4 1 15 9 5 31 . 1 . Successful 116 | . 13 . 13 . 27 . 3 . . 1 3 2 . 8 9 5 31 . 1 . Failed 50 | . 10 . 22 . . . 3 . . 2 3 2 1 7 . . . . . . Catastrophic 8 | . 1 . 4 . . . . . . . . 1 1 1 . . . . . . Database Lockouts . | . . . . . . . . . . . . . . . . . . . . . Manual 57 | . 21 . 21 . 1 . 1 . . 1 . 2 . 10 . . . . . . Terminals 84 | . 22 . 35 . . . 6 . . 1 6 2 1 10 . . . . 1 . Fabricators 1 | . . . . . . . . . . . . . . 1 . . . . . . Repair Stations 2 | . . . . . . . . . . . . . . 2 . . . . . . Recycling Units 3 | . 1 . . . . . . . . . . . . 2 . . . . . . Scanalyzers . | . . . . . . . . . . . . . . . . . . . . . Garrison Access 4 | . . . . . . . . . . 2 . 2 . . . . . . . . Terminal Hacks 97 | . 4 . 10 . 27 . 3 . . . 3 . . 4 9 5 31 . 1 . Record 50 | . . . . . 26 . . . . . . . . . 8 5 11 . . . Part Schematic 11 | . . . . . . . . . . . . . . . . . 11 . . . Robot Schematic 6 | . . . . . . . . . . . . . . . . . 6 . . . Prototype ID Bank 4 | . . . 1 . . . . . . . . . . . . . 3 . . . Open Door 1 | . . . . . . . . . . . . . . . 1 . . . . . Open DSF 3 | . . . . . . . . . . . . . . 2 . . . . 1 . Emergency Access Points 1 | . . . . . . . . . . . 1 . . . . . . . . . Terminal Index 2 | . 1 . 1 . . . . . . . . . . . . . . . . . Alert Level 4 | . 1 . 3 . . . . . . . . . . . . . . . . . Unreport Threat 8 | . 1 . 3 . . . 2 . . . . . . 2 . . . . . . Dispatch Records 1 | . . . . . . . 1 . . . . . . . . . . . . . Patrol Status 1 | . 1 . . . . . . . . . . . . . . . . . . . Reinforcement Status 1 | . . . 1 . . . . . . . . . . . . . . . . . Recall Reinforcements 1 | . . . 1 . . . . . . . . . . . . . . . . . Patrol Navigation 1 | . . . . . . . . . . . 1 . . . . . . . . . Security Stations 1 | . . . . . . . . . . . 1 . . . . . . . . . EX-Prototype ID Bank 1 | . . . . . 1 . . . . . . . . . . . . . . . Fabricator Hacks 1 | . . . . . . . . . . . . . . 1 . . . . . . Network Status 1 | . . . . . . . . . . . . . . 1 . . . . . . Repair Station Hacks 2 | . . . . . . . . . . . . . . 2 . . . . . . Scan Component 1 | . . . . . . . . . . . . . . 1 . . . . . . Repair 1 | . . . . . . . . . . . . . . 1 . . . . . . Recycling Unit Hacks 1 | . 1 . . . . . . . . . . . . . . . . . . . Report Inventory 1 | . 1 . . . . . . . . . . . . . . . . . . . Scanalyzer . | . . . . . . . . . . . . . . . . . . . . . Garrison Access Hacks 3 | . . . . . . . . . . 1 . 2 . . . . . . . . Unlock Access 2 | . . . . . . . . . . 1 . 1 . . . . . . . . Coupler Status 1 | . . . . . . . . . . . . 1 . . . . . . . . Unauthorized Hacks 12 | . 8 . 3 . . . . . . . . . . 1 . . . . . . Terminals 12 | . 8 . 3 . . . . . . . . . . 1 . . . . . . Botnet 10 | . 7 . 2 . . . . . . . . . . 1 . . . . . . Operators 2 | . 1 . 1 . . . . . . . . . . . . . . . . . Fabricators . | . . . . . . . . . . . . . . . . . . . . . Repair Stations . | . . . . . . . . . . . . . . . . . . . . . Recycling Units . | . . . . . . . . . . . . . . . . . . . . . Scanalyzers . | . . . . . . . . . . . . . . . . . . . . . Garrison Access . | . . . . . . . . . . . . . . . . . . . . . Data Cores Recovered . | . . . . . . . . . . . . . . . . . . . . . Used . | . . . . . . . . . . . . . . . . . . . . . Hacking Detections 30 | . 7 . 10 . . . 2 . . 1 3 2 1 4 . . . . . . Full Trace Events 1 | . 1 . . . . . . . . . . . . . . . . . . . Feedback Events . | . . . . . . . . . . . . . . . . . . . . . Feedback Blocked . | . . . . . . . . . . . . . . . . . . . . . Robot Schematics Acquired 6 | . . . . . . . . . . . . . . . . . 6 . . . Robots Built . | . . . . . . . . . . . . . . . . . . . . . Authchips . | . . . . . . . . . . . . . . . . . . . . . Time . | . . . . . . . . . . . . . . . . . . . . . Total Robot Build Rating . | . . . . . . . . . . . . . . . . . . . . . Part Schematics Acquired 11 | . . . . . . . . . . . . . . . . . 11 . . . Parts Built . | . . . . . . . . . . . . . . . . . . . . . Authchips . | . . . . . . . . . . . . . . . . . . . . . Time . | . . . . . . . . . . . . . . . . . . . . . Total Part Build Rating . | . . . . . . . . . . . . . . . . . . . . . Parts Repaired 1 | . . . . . . . . . . . . . . 1 . . . . . . Time 50 | . . . . . . . . . . . . . . 50 . . . . . . Parts Recycled . | . . . . . . . . . . . . . . . . . . . . . Recycled Matter . | . . . . . . . . . . . . . . . . . . . . . Retrieved Matter . | . . . . . . . . . . . . . . . . . . . . . Retrieved Components . | . . . . . . . . . . . . . . . . . . . . . Parts Scanalyzed . | . . . . . . . . . . . . . . . . . . . . . Part Schematics Acquired . | . . . . . . . . . . . . . . . . . . . . . Parts Damaged . | . . . . . . . . . . . . . . . . . . . . . Bothacking | -11 -10 -10 -9 -9 -9 -8 -8 -7 -7 -7 -7 -7 -7 -6 -6 -6 -6 -5 -5 -5 ------------ Run | Jun Mat Min Mat Min Exi Min Mat Fac Was Fac Gar Fac Gar Fac Low Low Dat Pro Fac DSF Used RIF Installer 2 | . . . . . . . . . . . 1 . 1 . . . . . . . Command Fork 1 | . . . . . . . . . . . . . 1 . . . . . . . Robots Hacked 6 | . . . . . . . . . . . . . . 5 1 . . . . . Non-combat 4 | . . . . . . . . . . . . . . 4 . . . . . . Combat 2 | . . . . . . . . . . . . . . 1 1 . . . . . Robot Hacks Applied 7 | . . . . . . . . . . . . . . 6 1 . . . . . parse_system 3 | . . . . . . . . . . . . . . 2 1 . . . . . find_chute 2 | . . . . . . . . . . . . . . 2 . . . . . . mark_security 1 | . . . . . . . . . . . . . . 1 . . . . . . relay_feed 1 | . . . . . . . . . . . . . . 1 . . . . . . Relay Couplers Released 30 | . . . . . . . . . . . 22 . 8 . . . . . . . Machine Destruction 30 | . . . . . . . . . . . 22 . 8 . . . . . . . Attached 3 | . . . . . . . . . . . 2 . . 1 . . . . . . Fabnet Peak Effective % . | . . . . . . . . . . . . . . . . . . . . . Robots Rewired . | . . . . . . . . . . . . . . . . . . . . . Allies Hacked 1 | . . . . . . . . . . . 1 . . . . . . . . . Hacks Repelled . | . . . . . . . . . . . . . . . . . . . . . Allies | -11 -10 -10 -9 -9 -9 -8 -8 -7 -7 -7 -7 -7 -7 -6 -6 -6 -6 -5 -5 -5 -------- Run | Jun Mat Min Mat Min Exi Min Mat Fac Was Fac Gar Fac Gar Fac Low Low Dat Pro Fac DSF Total Allies 23 | . . 2 . 1 . . . . 19 . . . . . . . . 1 . . Largest Group 19 | . . 2 2 1 . . . . 19 15 15 9 9 . . . . 1 1 1 Highest-Rated Group 465 | . . 32 32 31 . . . . 465 409 409 264 259 . . . . 96 89 89 Highest-Rated Ally 96 | . . 16 16 31 . . . . 35 35 35 35 35 . . . . 96 89 89 Total Orders 13 | . . . . . . . . . . . . . 5 7 1 . . . . . EXPLORE 1 | . . . . . . . . . . . . . 1 . . . . . . . RETURN 12 | . . . . . . . . . . . . . 4 7 1 . . . . . Ally Attacks 564 | . . 3 28 7 . . . . 101 . 161 . 66 136 43 8 . 9 . 2 Total Damage 13260 | . . 45 142 105 . . . . 3338 . 4581 . 1413 2606 585 71 . 326 . 48 Kills 90 | . . 1 1 1 . . . . 9 . 38 . 11 19 7 1 . 2 . . Allies Corrupted 1 | . . . . . . . . . . . . . . 1 . . . . . . Allies Melted 1 | . . . . . . . . . . . . . 1 . . . . . . . Intel | -11 -10 -10 -9 -9 -9 -8 -8 -7 -7 -7 -7 -7 -7 -6 -6 -6 -6 -5 -5 -5 ------- Run | Jun Mat Min Mat Min Exi Min Mat Fac Was Fac Gar Fac Gar Fac Low Low Dat Pro Fac DSF Robot Analysis Total . | . . . . . . . . . . . . . . . . . . . . . Derelict Logs Recovered 5 | . . . . 1 . . . . . . . . . . 2 1 . 1 . . Drone Launches 160 | . . . . . . . . . . . . . 44 102 14 . . . . . Drone Recoveries 130 | . . . . . . . . . . . . . 41 82 7 . . . . . Exploration | -11 -10 -10 -9 -9 -9 -8 -8 -7 -7 -7 -7 -7 -7 -6 -6 -6 -6 -5 -5 -5 ------------- Run | Jun Mat Min Mat Min Exi Min Mat Fac Was Fac Gar Fac Gar Fac Low Low Dat Pro Fac DSF Turns Passed 26448 | 73 1866 2947 4273 651 1129 1113 2449 104 405 154 2282 343 1313 2595 1832 891 151 1502 48 327 Spaces Moved 12281 | 52 964 988 2029 435 820 337 915 64 239 96 1308 189 507 974 740 472 92 887 30 143 Core 12 | 7 . . . . . . 1 . . . . . . . . . . . . 4 Treads 7217 | . 484 988 78 . . . 39 64 239 96 1308 189 507 974 740 472 92 887 30 30 Legs 73 | 45 28 . . . . . . . . . . . . . . . . . . . Wheels 4976 | . 452 . 1951 435 820 337 872 . . . . . . . . . . . . 109 Hover . | . . . . . . . . . . . . . . . . . . . . . Flight 3 | . . . . . . . 3 . . . . . . . . . . . . . Fastest Speed 50 | 50 110 240 98 120 135 215 145 145 145 152 152 165 165 245 245 165 165 165 165 145 Average Speed 179 | 110 175 240 115 130 135 215 226 147 154 152 158 165 221 245 245 179 165 165 165 195 Slowest Speed 1750 | 120 260 240 240 175 135 215 1750 225 225 152 165 165 250 245 245 245 165 165 165 1750 Overloaded Moves . | . . . . . . . . . . . . . . . . . . . . . Propulsion Burnouts . | . . . . . . . . . . . . . . . . . . . . . Robots Hopped . | . . . . . . . . . . . . . . . . . . . . . Cave-ins Triggered . | . . . . . . . . . . . . . . . . . . . . . Exploration Rate (%) 57 | 3 97 97 88 78 90 43 65 2 80 3 96 4 45 24 75 68 72 95 1 90 Regions Visited 20 Branch Regions 8 Pre-discovered Areas 4 | . . 1 . . . . . . . . . . . . 2 . 1 . . . Known Exits Taken 13 | . . 1 1 1 1 1 1 . . 1 . 1 . . 1 1 1 1 1 . Unknown Exits Taken 3 | 1 1 . . . . . . . . . . . . 1 . . . . . . Scrap Searched 8 | . . . . 1 . . . . . . . . . . 2 2 . 3 . . Spaces Dug 30 | . . . 1 . . 12 1 . . . 2 3 . 11 . . . . . . Terrain Destroyed 89 | . . . 1 10 . 17 14 . 1 . 2 3 1 14 2 1 . 1 . 22 Melee 1 | . . . . . . . 1 . . . . . . . . . . . . . Projectile 43 | . . . 1 . . 17 . . 1 . 2 3 1 14 2 1 . 1 . . AOE 45 | . . . . 10 . . 13 . . . . . . . . . . . . 22 Terrain Rammed . | . . . . . . . . . . . . . . . . . . . . . Walls Destroyed . | . . . . . . . . . . . . . . . . . . . . . Machines Disabled . | . . . . . . . . . . . . . . . . . . . . . Actions | -11 -10 -10 -9 -9 -9 -8 -8 -7 -7 -7 -7 -7 -7 -6 -6 -6 -6 -5 -5 -5 --------- Run | Jun Mat Min Mat Min Exi Min Mat Fac Was Fac Gar Fac Gar Fac Low Low Dat Pro Fac DSF Total 16007 | 65 1069 1563 3826 497 847 699 1160 73 279 104 1433 215 602 1099 753 499 91 920 29 184 Wait 2829 | . 44 572 1602 39 . 337 62 3 11 9 31 8 25 52 . 6 . 24 . 4 Move 12262 | 51 963 987 2028 434 819 336 914 64 238 95 1307 188 506 973 739 471 91 886 29 143 Hop . | . . . . . . . . . . . . . . . . . . . . . Pick Up 181 | 8 16 . 47 5 8 2 35 . 8 . 11 4 6 10 2 3 . 3 . 13 Fast Attach 38 | 4 . . 2 . 1 . 8 3 2 . 6 3 2 1 2 . . . . 4 Attach 66 | 2 3 . 11 5 2 1 17 . 1 . 6 1 1 2 1 7 . 2 . 4 Detach . | . . . . . . . . . . . . . . . . . . . . . Swap 73 | . 5 4 26 2 3 2 12 2 3 . 3 2 2 4 . 1 . 1 . 1 Drop 148 | . 2 . 39 . 14 1 29 1 15 . 16 6 10 5 3 1 . 1 . 5 Fire 403 | . 36 . 70 12 . 20 82 . 1 . 49 3 50 51 6 10 . 3 . 10 Melee 5 | . . . . . . . 1 . . . 4 . . . . . . . . . Ram 1 | . . . 1 . . . . . . . . . . . . . . . . . Kick . | . . . . . . . . . . . . . . . . . . . . . Crush 1 | . . . . . . . . . . . . . . 1 . . . . . . Escape Stasis . | . . . . . . . . . . . . . . . . . . . . . Rewire . | . . . . . . . . . . . . . . . . . . . . . Trap . | . . . . . . . . . . . . . . . . . . . . . Miscellaneous . | . . . . . . . . . . . . . . . . . . . . . Route ------- -11/Junkyard -10/Materials (discovered 4 exits: *Mat x3 / [*Min]) -10/Mines (discovered 2 exits: *Mat x2) -9/Materials (discovered 3 exits: *Mat / *Min / [*Sto]) -9/Mines (discovered 3 exits: *Mat / *Exi / [*Zio]) -9/Exiles (discovered 2 exits: *Min x2) -8/Mines -8/Materials (discovered 2 exits: *Fac x2) -7/Factory -7/Waste -7/Factory -7/Garrison (discovered 3 exits: *Fac x3) -7/Factory -7/Garrison -6/Factory -6/Lower Caves -6/Lower Caves -6/Data Miner -5/Proximity Caves -5/Factory (discovered 2 exits: Fac / DSF) -5/DSF (discovered 1 exit: *Fac) History --------- Turn | Location | Event 17 | -11/Junkyard | Discovered new exit (range 15) 74 | -11/Junkyard | Entered Materials 193 | -10/Materials | Discovered new exit (range 16) 307 | -10/Materials | Build established: Mutant 449 | -10/Materials | Discovered new exit (range 12) 506 | -10/Materials | Discovered new exit (range 13) 599 | -10/Materials | Discovered new exit (range 15) 1940 | -10/Materials | Entered Mines 1941 | -10/Mines | Learned location of Storage (-9) 2216 | -10/Mines | Discovered new exit (range 9) 2709 | -10/Mines | Assisted by bots powering up and referring to "LRC-V3" 2769 | -10/Mines | Core integrity fell below 50% 2769 | -10/Mines | Allies destroyed YI-UF0 2783 | -10/Mines | Discovered new exit (range 10) 2821 | -10/Mines | Identified exit to Materials 4887 | -10/Mines | Entered Materials 4887 | -9/Materials | Accompanied by 2 allies 4887 | -9/Materials | Evolved 2 slots: Propulsion x1, Utility x1 5215 | -9/Materials | Discovered new exit (range 12) 5783 | -9/Materials | Discovered new exit (range 3) 6332 | -9/Materials | Identified exit to Materials 8919 | -9/Materials | Discovered new exit (range 13) 9159 | -9/Materials | Identified exit to Mines 9160 | -9/Materials | Entered Mines 9164 | -9/Mines | Assembled infested the area 9169 | -9/Mines | Assisted by a Guerilla fighting off Assembled 9401 | -9/Mines | Core integrity fell below 50% 9440 | -9/Mines | Lost 5 parts (3n2w) 9447 | -9/Mines | Received a Mining Laser from a helpful Derelict 9486 | -9/Mines | Received a Rocket Launcher from a helpful Derelict 9515 | -9/Mines | A Derelict revealed a hidden shortcut to a safe place 9651 | -9/Mines | Discovered exit to Materials (range 5) 9722 | -9/Mines | Identified exit to Exiles 9805 | -9/Mines | Deemed a non-threat by the Exiles lab entrance 9811 | -9/Mines | Entered Exiles 9838 | -9/Exiles | Discovered new exit (range 14) 9855 | -9/Exiles | Identified exit to Mines 9890 | -9/Exiles | Met 8R-AWN 9919 | -9/Exiles | Met EX-HEX 9959 | -9/Exiles | Met EX-BIN 9988 | -9/Exiles | Aligned with FarCom system 9990 | -9/Exiles | Given EX-Vault access code 10081 | -9/Exiles | Opened EX-Vault 10152 | -9/Exiles | Found Army-in-a-Box 10182 | -9/Exiles | Warned to stay clear of 0b10 Research branches 10220 | -9/Exiles | Met EX-DEC 10335 | -9/Exiles | Discovered exit to Mines (range 14) 10440 | -9/Exiles | Visited The Gauntlet 10940 | -9/Exiles | Left Exiles lab with Army-in-a-Box 10940 | -9/Exiles | Entered Mines 10950 | -8/Mines | Core integrity fell below 20% 11241 | -8/Mines | Build established: Scavenger-Mutant 11638 | -8/Mines | Build established: Scavenger-Skirmisher 11938 | -8/Mines | Build established: Scavenger-Mutant 11987 | -8/Mines | Discovered exit to Materials (range 3) 12053 | -8/Mines | Entered Materials 12053 | -8/Materials | Evolved 2 slots: Utility x2 12708 | -8/Materials | Garrison activated, responded to threat 13635 | -8/Materials | Discovered new exit (range 9) 13650 | -8/Materials | Identified exit to Factory 14051 | -8/Materials | Core integrity fell below 50% 14111 | -8/Materials | Lost 6 parts (1p3n2w) 14306 | -8/Materials | Build established: Mutant 14381 | -8/Materials | Discovered exit to Factory (range 6) 14502 | -8/Materials | Entered Factory 14502 | -7/Factory | Evolved 2 slots: Utility x2 14606 | -7/Factory | Sucked down chute 14606 | -7/Factory | Entered Waste 14635 | -7/Waste | Warlord forces began an assault 14693 | -7/Waste | Spotted C-40 Crusher 14693 | -7/Waste | Spotted C-40 Crusher 14695 | -7/Waste | Allies destroyed C-40 Crusher 14701 | -7/Waste | Allies destroyed C-40 Crusher 14706 | -7/Waste | Spotted C-40 Crusher 14711 | -7/Waste | Allies destroyed C-40 Crusher 14866 | -7/Waste | Spotted C-40 Crusher 14870 | -7/Waste | Allies destroyed C-40 Crusher 14980 | -7/Waste | Discovered new exit (range 16) 14994 | -7/Waste | Build established: Infiltrator-Skirmisher 15004 | -7/Waste | Identified exit to Factory 15011 | -7/Waste | Entered Factory 15011 | -7/Factory | Accompanied by 15 allies 15155 | -7/Factory | Identified exit to Garrison 15165 | -7/Factory | Entered Garrison 15165 | -7/Garrison | Accompanied by 15 allies 15197 | -7/Garrison | Learned Factory security intel 15212 | -7/Garrison | Triggered checkpoint 15235 | -7/Garrison | Garrison Relay disabled 15326 | -7/Garrison | Triggered checkpoint 15326 | -7/Garrison | Triggered checkpoint 15381 | -7/Garrison | Spotted B-75 Beast 15381 | -7/Garrison | Spotted B-75 Beast 15389 | -7/Garrison | Allies destroyed B-75 Beast 15398 | -7/Garrison | Allies destroyed B-75 Beast 15433 | -7/Garrison | Discovered new exit (range 7) 15439 | -7/Garrison | Identified exit to Factory 15447 | -7/Garrison | Heavy support dispatched to Factory 15542 | -7/Garrison | Triggered checkpoint 15573 | -7/Garrison | Garrison Relay disabled 15664 | -7/Garrison | Triggered checkpoint 15706 | -7/Garrison | Triggered checkpoint 15788 | -7/Garrison | Triggered checkpoint 15885 | -7/Garrison | Discovered exit to Factory (range 11) 15956 | -7/Garrison | Garrison Relay disabled 16123 | -7/Garrison | Discovered exit to Factory (range 14) 16210 | -7/Garrison | Garrison Relay disabled 16216 | -7/Garrison | Triggered checkpoint 16312 | -7/Garrison | Found Prototype Device 16313 | -7/Garrison | Identified Active Sensor Suite 16371 | -7/Garrison | H-XX Assembler disabled 16580 | -7/Garrison | Triggered checkpoint 16581 | -7/Garrison | Garrison Relay disabled 16586 | -7/Garrison | Build established: Mutant 16999 | -7/Garrison | Build established: Skirmisher 17022 | -7/Garrison | Installed Relay Interface Framework 17366 | -7/Garrison | Build established: Mutant 17447 | -7/Garrison | Entered Factory 17447 | -7/Factory | Accompanied by 9 allies 17650 | -7/Factory | Found Prototype Launcher 17650 | -7/Factory | Identified Rocket Array 17789 | -7/Factory | Identified exit to Garrison 17790 | -7/Factory | Entered Garrison 17790 | -7/Garrison | Accompanied by 9 allies 17808 | -7/Garrison | Triggered checkpoint 18011 | -7/Garrison | Expanded RIF knowledge: Command Fork 18039 | -7/Garrison | Garrison Relay disabled 18058 | -7/Garrison | Heavy support dispatched to Factory 18160 | -7/Garrison | H-XX Assembler disabled 18886 | -7/Garrison | Discovered new exit (range 13) 19054 | -7/Garrison | Triggered checkpoint 19103 | -7/Garrison | Entered Factory 19103 | -6/Factory | Evolved 2 slots: Propulsion x1, Utility x1 19111 | -6/Factory | Identified exit to DSF 19910 | -6/Factory | Garrison activated, responded to threat 20836 | -6/Factory | Repaired Magnetic Acceleration Cannon 21491 | -6/Factory | Discovered new exit (range 12) 21698 | -6/Factory | Entered Lower Caves 22028 | -6/Lower Caves | Encountered a Warlord checkpoint 22436 | -6/Lower Caves | Learned Research emergency access door positions 22436 | -6/Lower Caves | Learned Armory emergency access door positions 22436 | -6/Lower Caves | Learned Extension garrison access intel 22552 | -6/Lower Caves | Learned Factory trap positions 22612 | -6/Lower Caves | Identified exit to Lower Caves 22885 | -6/Lower Caves | Attracted the attention of an 0b10 checkpoint 23530 | -6/Lower Caves | Entered another Lower Caves area 23530 | -6/Lower Caves | Accompanied by 3 allies 23766 | -6/Lower Caves | Learned Factory stockpile data 23766 | -6/Lower Caves | Learned Factory terminal intel 23820 | -6/Lower Caves | Learned location of 1 exit from Factory 24396 | -6/Lower Caves | Discovered new exit (range 4) 24413 | -6/Lower Caves | Identified exit to Data Miner 24421 | -6/Lower Caves | Entered Data Miner 24421 | -6/Data Miner | Discovered new exit (range 7) 24433 | -6/Data Miner | Identified exit to Proximity Caves 24456 | -6/Data Miner | Met Data Miner 24491 | -6/Data Miner | Learned location of Section 7 (-3) 24491 | -6/Data Miner | Acquired the access code to Warlord's prototype stash 24519 | -6/Data Miner | Received God Mode back door access code from Data Miner 24572 | -6/Data Miner | Entered Proximity Caves 24834 | -5/Proximity Caves | Escorted by Enhanced Grunt 25088 | -5/Proximity Caves | Spotted B-75 Beast 25098 | -5/Proximity Caves | Destroyed B-75 Beast 25619 | -5/Proximity Caves | Learned Factory terminal intel 25820 | -5/Proximity Caves | Discovered new exit (range 14) 26072 | -5/Proximity Caves | Identified exit to Factory 26074 | -5/Proximity Caves | Entered Factory 26074 | -5/Factory | Accompanied by 1 ally 26074 | -5/Factory | Evolved 2 slots: Utility x2 26075 | -5/Factory | Identified exit to Factory 26076 | -5/Factory | Loaded intel: 101 trap records 26078 | -5/Factory | Loaded intel: 28 terminal locations 26078 | -5/Factory | Identified exit to DSF 26122 | -5/Factory | Entered DSF 26122 | -5/DSF | Accompanied by 1 ally 26151 | -5/DSF | Additional patrols routed to DSF 26223 | -5/DSF | Lost 5 parts (1n2u2w) 26265 | -5/DSF | Sterilization system engaged 26268 | -5/DSF | Discovered exit to Factory (range 14) 26285 | -5/DSF | Ambient heat levels rising (+10) 26300 | -5/DSF | Ambient heat levels rising (+10) 26315 | -5/DSF | Ambient heat levels rising (+10) 26317 | -5/DSF | Found Prototype Hackware 26319 | -5/DSF | Found Prototype Hackware 26319 | -5/DSF | Identified Exp. Hacking Suite (x2) 26322 | -5/DSF | Found Exp. Hacking Suite 26325 | -5/DSF | Found Exp. Hacking Suite 26330 | -5/DSF | Ambient heat levels rising (+10) 26345 | -5/DSF | Ambient heat levels rising (+10) 26360 | -5/DSF | Ambient heat levels rising (+10) 26375 | -5/DSF | Ambient heat levels rising (+10) 26390 | -5/DSF | Ambient heat levels rising (+10) 26405 | -5/DSF | Ambient heat levels rising (+10) 26420 | -5/DSF | Ambient heat levels rising (+10) 26422 | -5/DSF | Core integrity fell below 50% 26435 | -5/DSF | Ambient heat levels rising (+10) 26444 | -5/DSF | Core integrity fell below 20% 26450 | -5/DSF | Core destroyed Last Messages --------------- 26421_ Overheating: Broken Rocket Array damaged (-51). 26421_ Overheating: Exp. Hacking Suite damaged (-1). 26421_ Overheating: Imp. Hardlight Generator damaged (-2). 26422_ Overheating: Core damaged (-190). 26424_ Overheating: Exp. Hacking Suite damaged (-2). 26425_ Overheating: Authchip [Storage] damaged (-1). 26428_ Overheating: Mak. Power Source damaged (-4). 26429_ Overheating: Matter decay (-16). 26432_ Overheating: Energy bleed (-37). 26433_ Power failure, Mak. Power Source shutdown. 26434_ Overheating: Core damaged (-140). 26435_ ALERT: Ambient heat levels +10. 26439_ Overheating: Broken Rocket Array damaged (-31). 26439_ Overheating: Broken Adv. Signal Interpreter damaged (-5). 26439_ Overheating: Huge Storage Unit damaged (-165). 26440_ Overheating: Matter decay (-11). 26442_ Overheating: Energy bleed (-32). 26443_ Overheating: Weapon Mount damaged (-4). 26444_ Overheating: Core damaged (-200). 26450_ Overheating: Core damaged (-190). Map ----- +----------------------------------------------------+ | | | | | | | ????????????????????????????????????? | | ????????????????????????????????????? | | ????????????????????????????????????? | | ????????????????????????????????????? | | ?????????????????????????""?????????? | | ?????????????????????????"#?????????? | | ???????#########???????##"####??????? | | ???????#!!!!![[#########"""""#??????? | | ???????#!!!!![[#///# ##"""""#??????? | | ???????# ""##"????? | | ???????# """""????? | | ???????### ### #//## ""##?????? | | ???????### ### #//### ###??????? | | ???????# ########## ^##???????? | | ???????# #??????#// ^^#???????? | | ???????# #??????#/// /#???????? | | ???????### ###??????### ##???????? | | ???????#== ! #??????#//= /#???????? | | ???????#== ! #??????#// /#???????? | | ???????#== !!!#??????#// /#???????? | | ########## ############ ###??????? | | ### ###]]]# ## #??????? | | ## ##]]]# ##@ #??????? | | #??????? | | ^^ %% #??????? | | == * * #??????? | | ! #= = # # #***## //#??????? | | ! # =# # #***## //#??????? | | ######## ##+####### ###??????? | | #??????# ## #?????! ????????? | | #??????# !## ###???! ????????? | | #??????# !## #???! ????????? | | #??????### #### #???# #????????? | | #??????# ]]## ###???? !????????? | | #??????# ]]## #??????^ !????????? | | ####?### ]]#####????? #????????? | | # # ### ###!!!#????? ?????????? | | # # ### ###!!!#!!## ""???????? | | ""???????? | | <""???????? | | # # #!! **#!!!#!!##"""?????????? | | ########!! **#?###????????????????? | | ???????#########????????????????????? | | ????????????????????????????????????? | | ????????????????????????????????????? | | ????????????????????????????????????? | | ????????????????????????????????????? | +----------------------------------------------------+ Best States ------------- Heat Dissipation 40 Energy Generation 18 Energy Capacity 440 Matter Stores 500 Matter Capacity 500 Sight Range 16 Robot Scan Range 14 Terrain Scan Range 16 Terrain Scan Density 135 Jamming Range 16 Additional Mass Support 9 Armor Coverage 450 Evasion (%) 50 Targeting Accuracy 20 Core Analysis 6 Recoil Reduction 4 Offensive Hacking 48 Relay Coupler Types 1 Relay Coupler Value 27 Authchip Count 6 Item Schematics ----------------- Combat Drone Bay | -6/Data Miner | Free Lgt. Regenerative Plating | -6/Data Miner | Free Enh. Armored Leg | -6/Data Miner | Free Exp. Heat Sink | -6/Data Miner | Free Hvy. Proton Cannon | -6/Data Miner | Free Centrium Wheel | -6/Data Miner | Free Adv. Coolant Injector | -6/Data Miner | Free Adv. Datajack | -6/Data Miner | Free Neutrino Core | -6/Data Miner | Free Particle Reactor | -6/Data Miner | Free Antigrav Array | -6/Data Miner | Free Robot Schematics ------------------ Y-54 Guardian | -6/Data Miner | Free G-50 Soldier | -6/Data Miner | Free M-30 Cleanser | -6/Data Miner | Free H-77 Assassin | -6/Data Miner | Free W-44 Eye | -6/Data Miner | Free B-60 Warrior | -6/Data Miner | Free Fabricated ------------ Nothing Alien Tech Used ----------------- None Achievements -------------- Generalissimo Infiltrator Tank Challenges ------------ None Game ------ Seed WeaponBackupPrototype Manual? 0 Play Time 03:35:51 Cumulative 86.9 hours Start 2023.03.21 @ 03:21:05 End 2023.03.23 @ 18:33:04 Sessions 2 Manual Loads 0 Difficulty Rogue Special Mode None Game No. 24 Rogue 24 Adventurer 0 Explorer 0 Win Type - Total 3 Types 3/0/0/0/0/0/0/0/0 Lore% 28 Gallery% 44 Achievement% 39 Wizard Run 0 Options --------- ASCII 0 Keyboard 0 Movement Mouse Keybinds 0 Fullscreen 2 Font 16/SmallcapsGlow Map View 75x55 Tactical HUD 1 Map Filters NONE Filters NONE Steam 1 RUN: 6a9661e2-e0dd-4e46-9d75-c05084af05a9